Map: Catallena LE (Void)

Players

Winthrowe - Winner!

  • Race: Terran Terran
  • League: Silver
  • Spawn Location: 9:00

A.I. 1 (Harder)

  • Race: Terran Terran
  • Spawn Location: 5:00

VOD

Have the link to the VOD?

Description

Time

  • Played on: Aug. 20, 2017, 3:04 p.m.
  • Length: 14:08
Show
View Real Time Build Order
Export as new Build Order

Winthrowe Terran - Winner!

Build Orders: MMM Bio 

Get SALT Encoding   

  12  0:01  SCV  
  13  0:18  SCV  
  14  0:26  Supply Depot  
  14  0:30  SCV  
  15  0:48  SCV  
  16  0:51  Barracks  
  16  1:00  SCV  
  17  1:12  SCV  
  18  1:24  SCV  
  19  1:30  Refinery  
  19  1:36  SCV  
  19  1:38  Supply Depot  
  20  1:40  Marine  
  21  1:52  SCV  
  21  1:53  Command Center  
  22  2:00  Refinery  
  22  2:04  SCV  
  23  2:16  SCV  
  24  2:24  Barracks  
  24  2:28  SCV  
  25  2:37  Barracks Reactor  
  25  2:40  SCV  
  26  2:52  SCV  
  27  3:04  SCV  
  28  3:16  Barracks Tech Lab  
  28  3:18  SCV  
  29  3:30  SCV, Barracks  
  30  3:43  Engineering Bay  
  30  3:47  SCV x2  
  32  3:59  Orbital Command  
  32  4:08  Planetary Fortress  
  32  4:10  Engineering Bay  
  32  4:18  Barracks  
  32  4:31  SCV  
  32  4:37  Supply Depot  
  33  4:43  SCV  
  33  4:45  Marauder  
  36  4:46  Marine x2  
  36  4:50  Stimpack  
  36  4:52  Barracks Tech Lab  
  38  4:55  SCV  
  39  5:00  Supply Depot  
  39  5:04  Marine x2  
  39  5:06  Terran Infantry Weapons Level 1, Marauder  
  43  5:08  SCV  
  43  5:09  Terran Infantry Armor Level 1  
  43  5:13  Combat Shields  
  44  5:15  Barracks Reactor  
  44  5:17  Marauder  
  44  5:20  SCV  
  47  5:22  Marine x2  
  49  5:30  Factory  
  49  5:35  Refinery  
  49  5:36  Refinery  
  49  5:54  Marauder x2  
  49  5:55  Marine x4  
  57  6:01  Command Center  
  57  6:12  Marine  
  57  6:13  Marine x3  
  61  6:19  Armory  
  61  6:20  Starport  
  61  6:30  Marine  
  61  6:32  Concussive Shells  
  62  6:38  Marauder x2  
  66  6:54  Marine x2  
  66  6:55  Marine x2  
  66  7:00  Marauder x2  
  74  7:11  Supply Depot x2  
  74  7:12  Marine x2, Supply Depot  
  74  7:13  Marine x2  
  74  7:14  Supply Depot  
  78  7:20  Terran Infantry Weapons Level 2  
  78  7:36  Supply Depot  
  78  7:37  Supply Depot  
  78  7:46  Marine, Marauder x2  
  78  7:47  Marine x3  
  86  7:56  Starport Reactor  
  86  8:06  Marine  
  86  8:07  Marine x3  
  86  8:08  Marauder x2  
  94  8:29  SCV  
  94  8:32  Marauder x2  
  99  8:36  Terran Infantry Armor Level 2  
  99  8:41  SCV  
  99  8:42  Terran Vehicle And Ship Armor Level 1  
  100  8:53  SCV, Marauder  
  100  8:54  Medivac x2, Marauder  
  109  9:05  SCV  
  110  9:17  SCV  
  111  9:24  Medivac x2  
  113  9:36  Marine, Marauder x2  
  113  9:37  Marine  
  77  9:57  Marauder x2  
  76  10:01  Marine x4  
  80  10:17  Supply Depot  
  80  10:18  Marauder  
  80  10:19  Marine x4, Marauder  
  88  10:27  Terran Infantry Weapons Level 3  
  88  10:36  Marine  
  88  10:37  Marine x3  
  88  10:40  Marine, Supply Depot, Marauder  
  77  10:54  Marine  
  77  10:55  Marine  
  77  10:56  Viking  
  81  10:57  Medivac  
  81  10:58  Marauder  
  81  11:01  Marauder  
  84  11:19  Marauder  
  82  11:26  Medivac  
  82  11:27  Marine  
  82  11:28  Marine x4  
  89  11:40  Marine  
  89  11:45  Marine  
  89  11:46  Marine x3  
  94  11:51  Medivac  
  96  11:56  Medivac  
  96  11:59  Marauder  
  98  12:04  Marauder  
  98  12:07  Marine  
  101  12:20  Marauder  
  101  12:22  Marine  
  104  12:23  Marine x2  
  104  12:25  Marauder  
  106  12:41  Marauder  
  106  13:23  Marine x2, Marauder x2  
  106  13:24  Marine x2  
  114  13:41  Marine x2  
  114  13:42  Marine  
  114  13:44  Marauder  
Show
View Real Time Build Order
Export as new Build Order

A.I. 1 (Harder) Terran 

Build Orders: MMM Bio 

Get SALT Encoding   

  12  0:00  SCV  
  13  0:13  SCV  
  14  0:19  Supply Depot  
  14  0:25  SCV  
  15  0:40  SCV  
  16  0:42  Barracks  
  16  0:52  SCV  
  17  1:05  SCV  
  18  1:16  Command Center  
  18  1:30  Orbital Command, Marine  
  19  1:39  Supply Depot  
  19  1:47  Refinery  
  19  1:48  Marine  
  20  1:55  SCV  
  20  2:01  Barracks  
  21  2:07  SCV, Refinery  
  22  2:13  Marine  
  23  2:19  SCV  
  24  2:22  Supply Depot  
  24  2:32  Barracks Tech Lab, SCV  
  25  2:45  SCV  
  25  2:47  Marine  
  25  2:51  Marine  
  28  2:54  SCV  
  28  2:57  SCV  
  30  3:05  Marine  
  31  3:06  SCV  
  31  3:09  Marine, SCV  
  34  3:18  SCV  
  34  3:19  Factory  
  35  3:21  SCV  
  35  3:23  Barracks Tech Lab  
  36  3:28  Marauder  
  36  3:30  SCV  
  36  3:31  Factory  
  39  3:43  Refinery  
  39  3:52  Refinery  
  39  4:03  Factory Tech Lab  
  39  4:05  Starport  
  39  4:09  Starport  
  39  4:14  Factory Tech Lab, Marauder  
  41  4:23  Marauder  
  43  4:30  SCV  
  44  4:33  SCV  
  44  4:35  Reaper  
  46  4:38  Supply Depot  
  46  4:42  SCV  
  46  4:43  Ghost Academy, Starport Tech Lab  
  46  4:45  Starport Tech Lab  
  47  4:53  SCV  
  47  4:56  SCV  
  49  5:01  Medivac  
  49  5:03  Stimpack  
  49  5:05  SCV  
  52  5:08  SCV  
  52  5:12  Combat Shields  
  52  5:13  Ghost  
  55  5:17  SCV  
  55  5:20  Supply Depot  
  57  5:21  SCV  
  57  5:29  SCV, Engineering Bay  
  57  5:34  SCV  
  59  5:41  SCV  
  59  5:42  Marine  
  61  5:46  SCV  
  62  5:51  Marine  
  62  5:52  Supply Depot  
  62  5:53  SCV  
  62  5:54  Terran Infantry Armor Level 1  
  64  5:58  SCV  
  64  6:00  Marine  
  66  6:05  SCV  
  66  6:10  Marine  
  68  6:14  SCV  
  68  6:16  Supply Depot  
  68  6:17  SCV  
  70  6:19  Marine  
  71  6:26  SCV  
  71  6:29  Marauder  
  71  6:31  Concussive Shells  
  74  6:38  Medivac, SCV, Marauder  
  74  6:39  Supply Depot  
  79  6:47  SCV  
  79  6:50  Marauder  
  79  6:52  Missile Turret  
  82  6:55  Missile Turret  
  82  6:59  Missile Turret, Marauder  
  82  7:01  Missile Turret, Medivac  
  86  7:04  Supply Depot  
  86  7:08  Raven  
  86  7:09  Sensor Tower  
  86  7:11  Reaper  
  86  7:12  Armory  
  89  7:15  Bunker  
  89  7:20  Ghost  
  89  7:21  Barracks  
  91  7:23  Bunker  
  91  7:31  Raven, Supply Depot  
  93  7:48  Terran Infantry Weapons Level 1  
  93  8:08  Barracks Reactor  
  93  9:07  Raven, Siege Tank  
  93  9:08  Terran Vehicle Weapons Level 1  
  98  9:10  Marine  
  98  9:11  Factory  
  98  9:12  Marine  
  98  9:15  Marine, Starport  
  101  9:18  Marine  
  101  9:19  Supply Depot  
  101  9:21  Siege Tank, Engineering Bay  
  102  9:36  Fusion Core  
  100  9:40  Marine  
  100  9:42  Terran Infantry Armor Level 2  
  91  9:45  Marine  
  91  9:46  Terran Infantry Weapons Level 2  
  91  9:47  Medivac  
  91  9:49  Marine  
  91  9:51  Marine  
  91  9:52  Starport Reactor  
  78  9:55  Factory Tech Lab  
  78  9:58  Marine  
  61  10:00  Command Center  
  61  10:03  Marine  
  61  10:06  Marine  
  63  10:09  Marine  
  63  10:13  Raven  
  66  10:16  Marauder  
  68  10:21  Marauder  
  68  10:22  Medivac  
  68  10:24  Marine  
  68  10:27  Marine  
  74  10:32  Medivac  
  75  10:38  Marauder  
  75  10:42  Marine x2  
  77  10:45  Marine  
  57  10:50  Siege Tank  
  57  10:52  Raven  
  46  10:57  SCV  
  46  10:58  Marine  
  46  11:00  Marine x2  
  46  11:03  Marine  
  44  11:09  Medivac, SCV  
  38  11:12  SCV  
  38  11:15  Refinery  
  38  11:17  Marauder  
  38  11:18  Marine x2  
  37  11:21  Marine, SCV  
  37  11:24  SCV  
  24  11:33  SCV  
  24  11:35  Marine  
  24  11:36  Marine, SCV  
  24  11:38  Marine, Marauder  
  26  11:44  Refinery  
  26  11:45  SCV  
  17  11:48  SCV  
  17  11:53  Marine  
  17  11:54  Marine  
  16  11:57  Marine, SCV  
  16  11:59  Marauder  
  16  12:00  SCV  
  16  12:09  SCV  
  16  12:11  Marine  
  17  12:16  SCV  
  16  12:27  SCV  
  16  12:28  SCV  
  16  12:30  Marine  
  10  12:43  SCV  
  8  12:55  SCV  
  8  12:58  Command Center  
Tags
 
Composition
MMM BioMMM Bio
League
Silver
Matchup
TvT
Race
Terran
Spawn Locations
Cross Positions
Add a new tag
Caveats
  • Supply blocks, unpowered buildings, or Contaminate may cause inaccurate times.
  • Supply counts are checked every 10 seconds.